 Dungeon Crawl Stone Soup version 0.29.1-4-g47bece8355 (webtiles) character file.

Game seed: 13481448817939096341

385 MisterFreud the Twirler (level 7, -7/53 HPs)
             Began as a Formicid Gladiator on Dec 6, 2022.
             Mangled by an ogre
             ... wielding a +0 giant spiked club
              (17 damage)
             ... on level 4 of the Dungeon.
             The game lasted 00:02:49 (3803 turns).

MisterFreud the Twirler (Formicid Gladiator)        Turns: 3803, Time: 00:02:50

Health: -7/53      AC:  4    Str: 21    XL:     7   Next: 6%
Magic:  7/7        EV: 12    Int:  7    God:
Gold:   169        SH:  0    Dex: 15    Spells: 6/6 levels left

rFire   . . .      SeeInvis +   a - +0 quarterstaff
rCold   . . .      Faith    .   (no shield)
rNeg    . . .      Spirit   .   b - +0 leather armour
rPois   .          Reflect  .   (helmet unavailable)
rElec   .          Harm     .   l - +0 cloak
rCorr   .          Rampage  .   (no gloves)
Will    .....                   (no boots)
Stlth   +.........              (no amulet)
HPRegen 0.17/turn               (no ring)
MPRegen 0.10/turn               (no ring)

@: no status effects
A: permanent stasis, dig shafts and tunnels, antennae 3, four strong arms
a: Dig, Shaft Self


You were on level 4 of the Dungeon.
You visited 1 branch of the dungeon, and saw 4 of its levels.

You collected 169 gold pieces.

Inventory:

Hand Weapons
 a - a +0 quarterstaff (weapon)
Missiles
 c - 3 throwing nets (quivered)
 d - a javelin
 g - 10 poisoned darts
Armour
 b - a +0 leather armour (worn)
 l - a +0 cloak (worn)
Jewellery
 j - a ring of positive energy
 n - a ring of protection from fire
Scrolls
 f - 2 scrolls of identify
Potions
 e - 3 potions of curing {unknown}
 h - a potion of ambrosia {unknown}
 i - 2 potions of degeneration {unknown}
 k - a potion of might
 m - a potion of brilliance {unknown}


   Skills:
 + Level 3.9 Fighting
 - Level 6.0 Staves
 - Level 2.0 Throwing
 + Level 3.0 Armour
 - Level 2.6 Dodging


You had 6 spell levels left.
You didn't know any spells.
Your spell library contained the following spells:

 Spells                   Type           Power      Damage    Failure   Level
 Poisonous Vapours        Pois/Air       0%         N/A       63%         2
 Corpse Rot               Necr/Pois/Air  0%         N/A       99%         4


Dungeon Overview and Level Annotations

Branches:
Dungeon (4/15)
 Temple: D:4-7

Altars:
Cheibriados
Dithmenos
Okawaru
Ru
Trog
Uskayaw
Zin

Shops:
D:1 (   D:4 [

Annotations:
D:4 Blork the orc


Innate Abilities, Weirdness & Mutations

You cannot be hasted, slowed, berserked, paralysed or teleported.
You can dig through walls and to a lower floor.
You have a pair of large antennae on your head. (SInv)
Your four strong arms can wield two-handed weapons with a shield.


Message History

You hit the ogre.
You kill the ogre!
Your life force feels restored.
Your Armour skill increases to level 3!
You have reached level 7!
You start resting.
You hear the slow rusting of a very distant drain.
You hear the slow rusting of a very distant drain.
You sense a monster nearby.
You hear the slow rusting of a very distant drain.
You sense a monster nearby.
No target in view!
No target in view!
Key pressed, stopping explore.
No target in view!
A kobold comes into view. It is wielding a +0 club.
You see here a +0 giant club.
There is an entrance to Bihejeoce's Armour Shoppe here.
The kobold throws a stone.
The stone hits you but does no damage.
The kobold throws a stone.
The stone hits you but does no damage.
There is an open door here.
The kobold throws a stone.
The stone hits you but does no damage.
An ogre comes into view. It is wielding a +0 giant spiked club.
Found a stone staircase leading down.
The kobold closely misses you.
The ogre shouts!
You hit the kobold.
You kill the kobold!
Blork the orc comes into view.
He is wielding a +0 halberd.
Blork the orc shouts!
Things that are here:
a +0 club; 5 stones; a kobold corpse
Found a murky golden potion.
The ogre hits you with a +0 giant spiked club!!
You closely miss the ogre.
Blork the orc hits you from afar with a +0 halberd!
* * * LOW HITPOINT WARNING * * *
You sock the ogre!
The ogre is moderately wounded.
The ogre hits you with a +0 giant spiked club!
You die...

.............+..∩).'......####
##...........###.###.##...#
#...#.....### #.# .###...#
#.......#..####'##. ....#
#.......##.#....##. #..#
#..##...#.....#.##. ..#
...##...##...##)##. ....
....##...#..# ....#.....#.@#
.##....O.......
.......o.......
.........#.....
.....##.>...... ...#.
###....## ..... .. .# !..#
....#


You could see Blork the orc and an ogre.

Vanquished Creatures
  Sigmund (D:2)
  An ogre (D:4)
  Natasha (D:3)
  A mummy (D:3)
  5 adders
  3 dart slugs
  7 orcs (D:3)
  2 endoplasms
  2 giant cockroaches (D:3)
  7 goblins
  2 hobgoblins
  5 jackals
  5 kobolds
  A quokka (D:1)
  8 ball pythons
  3 bats
  2 frilled lizards (D:1)
  3 rats
59 creatures vanquished.

Notes
Turn   | Place    | Note
-------+----------+-------------------------------------------
     0 | D:1      | MisterFreud the Formicid Gladiator began the quest for the
                  | Orb.
     0 | D:1      | Reached XP level 1. HP: 16/16 MP: 1/1
   237 | D:1      | Reached XP level 2. HP: 19/22 MP: 2/2
   285 | D:1      | Found Sosuacluor's Weapon Emporium.
   338 | D:1      | Found a faded altar of an unknown god.
   340 | D:1      | Noticed a shining eye
   341 | D:1      | Noticed a floating eye
   341 | D:1      | Noticed a shining eye
   341 | D:1      | Noticed a shining eye
   945 | D:2      | Reached skill level 4 in Staves
   945 | D:2      | Reached XP level 3. HP: 27/27 MP: 3/3
  1041 | D:2      | Noticed Sigmund
  1057 | D:2      | Killed Sigmund
  1058 | D:2      | Reached skill level 6 in Staves
  1058 | D:2      | Reached XP level 4. HP: 8/33 MP: 4/4
  1058 | D:2      | Reached XP level 5. HP: 10/38 MP: 5/5
  2082 | D:3      | Reached skill level 1 in Armour
  2082 | D:3      | Reached XP level 6. HP: 45/46 MP: 6/6
  2279 | D:3      | Found a snail-covered altar of Cheibriados.
  2607 | D:3      | Found a shadowy altar of Dithmenos.
  3454 | D:3      | Found an iron altar of Okawaru.
  3457 | D:3      | Found a glowing silver altar of Zin.
  3460 | D:3      | Found a sacrificial altar of Ru.
  3460 | D:3      | Noticed Natasha
  3465 | D:3      | Killed Natasha
  3514 | D:3      | Found a bloodstained altar of Trog.
  3548 | D:3      | Found a hide-covered altar of Uskayaw.
  3662 | D:4      | Found Bihejeoce's Armour Shoppe.
  3662 | D:4      | Noticed an ogre
  3669 | D:4      | Killed an ogre
  3670 | D:4      | Reached XP level 7. HP: 17/53 MP: 7/7
  3799 | D:4      | Noticed Blork the orc
  3803 | D:4      | Mangled by an ogre

Illustrated notes

Levels and vault maps discovered:
D:1:      amcnicky_arrival_underground_garden, layout_basic, serial_shops, shop,
          hellmonk_ecumenical_altar_watching_god
D:2:      layout_basic, serial_glass, glass_columns_a, glass_columns_b,
          st_stairs_8, mrwooster_statue_mirror, uniq_sigmund
D:3:      layout_loops_ring, nicolae_uskayaw_suspiria, slow_altar_1,
          grunt_temple_overflow_cloverleaf, nicolae_dithmenos_shadow_blocks,
          uniq_natasha
D:4:      layout_basic, vehumet_altar_wand_db, tso_oasis_becter,
          gup_sewer_entry_bubbles, serial_shops, nicolae_shop_hallway_plus,
          uniq_blork_the_orc

Skill      XL: |  1  2  3  4  5  6 |
---------------+-------------------+-----
Staves         | 4 6 |  6.0
Armour         | 1 3 |  3.0
Fighting       | 3 |  3.9
Throwing       | |  2.0
Dodging        | |  2.6

Action                   |  1- 3 |  4- 6 |  7- 9 || total
-------------------------+-------+-------+-------++-------
Melee: Quarterstaff      |    45 |   116 |     3 ||   164
       Punch             |       |     2 |       ||     2
  Use: Scroll            |     5 |     2 |       ||     7
 Stab: Sleeping          |     1 |       |       ||     1
Armor: Leather armour    |     9 |    24 |     3 ||    36
Dodge: Dodged            |    15 |    66 |     1 ||    82
